 Dungeon Crawl Stone Soup version 0.21.1-1-g345015f (webtiles) character file.

42 Mirai the Magician (level 3, -2/19 HPs)
             Began as a Deep Elf Conjurer on Mar 31, 2018.
             Shot with an arrow by a centaur (8 damage)
             ... on level 2 of the Dungeon.
             The game lasted 00:03:25 (746 turns).

Mirai the Magician (Deep Elf Conjurer)               Turns: 746, Time: 00:03:27

Health: -2/19      AC:  2    Str:  5    XL:     3   Next: 33%
Magic:  9/11       EV: 13    Int: 20    God:
Gold:   36         SH:  0    Dex: 15    Spells: 9/12 levels left

rFire    . . .     SeeInvis +   d - +1 dagger (protect)
rCold    . . .     Gourm    .   (no shield)
rNeg     . . .     Faith    .   a - +0 robe
rPois    .         Spirit   .   (no helmet)
rElec    .         Reflect  .   (no cloak)
rCorr    .         Harm     .   (no gloves)
MR       .....                  (no boots)
Stlth    ++........             (no amulet)
HPRegen  0.06/turn              f - ring of see invisible
MPRegen  0.12/turn              (no ring)

@: no status effects
A: no striking features
a: no special abilities


You were on level 2 of the Dungeon.
You were not hungry.

You visited 1 branch of the dungeon, and saw 2 of its levels.

You collected 36 gold pieces.

Inventory:

Hand Weapons
 d - a +1 dagger of protection (weapon)
Armour
 a - a +0 robe (worn)
Jewellery
 f - a ring of see invisible (left hand)
 k - an uncursed amulet of rage
Scrolls
 e - 3 scrolls of identify {unknown}
 h - 2 scrolls of remove curse {unknown}
 l - a scroll of amnesia {unknown}
Potions
 i - a potion of curing {unknown}
 j - 2 potions of invisibility {unknown}
 m - 2 potions of haste
Books
 b - a book of Conjurations

   Spells                             Type                      Level
   a - Magic Dart                     Conjuration                  1
   b - Searing Ray                    Conjuration                  2
   c - Dazzling Spray                 Conjuration/Hexes            3
   d - Fulminant Prism                Conjuration/Hexes            4
   e - Force Lance                    Conjuration/Translocation    4
   f - Iskenderun's Mystic Blast      Conjuration                  4
Comestibles
 c - 3 rations
 g - 5 chunks of flesh


   Skills:
 - Level 2.4 Dodging
 - Level 2.4 Stealth
 + Level 5.3 Spellcasting
 - Level 4.3 Conjurations


You had 9 spell levels left.
You knew the following spells:

 Your Spells              Type           Power        Failure   Level  Hunger
a - Magic Dart            Conj           ###.         1%          1    None
b - Searing Ray           Conj           ###...       2%          2    None


Dungeon Overview and Level Annotations

Branches:
Dungeon (2/15)

Altars:


Message History

The centaur shoots an arrow.
The arrow barely misses you.
You climb upwards.
There is a stone staircase leading down here.
You start resting.
Magic restored.
You climb downwards.
The centaur shoots an arrow.
The arrow hits you.
There is a stone staircase leading up here.
You see here an arrow.
Casting: Magic Dart
Confirm with . or Enter, or press ? or * to list all spells.
Aiming: Searing Ray
Press: ? - help, Shift-Dir - straight line, f - centaur
Aim: a centaur, wielding a shortbow The searing ray hits the centaur.
The centaur is moderately wounded. (Press . to maintain the ray.)
The centaur shoots an arrow.
The arrow hits you!
Ouch! That really hurt!
The centaur shoots an arrow.
The arrow hits you!
You die...

..################
#....[...........########
###############.........#
#..######.# #..# #(# ####
# #..# #(# ... .. #..#
#.# .# #.##..######.#
.### ###.c..@...(.>.#
.... ...........##..#
#### ######..(......#
###############..##.##.)#
.............#..........#
############.#.#.##....##
....# #.#.#.##.##.# ###.#
#.....##.##.#
#.###.##.##.#


You could see a centaur.

Vanquished Creatures
  An adder (D:2)
  3 dart slugs
  A worm (D:2)
  A giant cockroach (D:1)
  3 goblins
  4 hobgoblins
  2 kobolds (D:2)
  5 bats
  3 frilled lizards (D:1)
  A rat (D:1)
24 creatures vanquished.

Notes
Turn   | Place    | Note
-------+----------+-------------------------------------------
     0 | D:1      | Mirai the Deep Elf Conjurer began the quest for the Orb.
     0 | D:1      | Reached XP level 1. HP: 10/10 MP: 6/6
   139 | D:1      | Reached skill level 4 in Spellcasting
   139 | D:1      | Reached XP level 2. HP: 10/15 MP: 1/9
   605 | D:2      | Reached XP level 3. HP: 19/19 MP: 7/11
   609 | D:2      | Learned a level 2 spell: Searing Ray
   655 | D:2      | Reached skill level 5 in Spellcasting
   729 | D:2      | Noticed a centaur
   746 | D:2      | Shot with an arrow by a centaur

Skill      XL: |  1  2  3 |
---------------+----------+-----
Spellcasting   | 4 5 |  5.3
Dodging        | |  2.4
Stealth        | |  2.4
Conjurations   | |  4.3

Action                   || total
-------------------------++-------
 Cast: Magic Dart        ||    55
       Searing Ray       ||     1
  Use: Potion            ||     1
Armor: Robe              ||     4
Dodge: Dodged            ||    16
